 Dungeon Crawl Stone Soup version 0.16.1-16-gc44b35d (webtiles) character file.

219 Thalios the Skirmisher (level 5, -1/38 HPs)
             Began as a Gargoyle Fighter on Apr 20, 2015.
             Killed by divine providence
             ... invoked by an orc priest
              (13 damage)
             ... on level 3 of the Dungeon.
             The game lasted 00:06:57 (2280 turns).

Thalios the Skirmisher (Gargoyle Fighter)           Turns: 2280, Time: 00:06:57

Health: -1/38      AC: 14    Str: 19    XL:     5   Next: 96%
Magic:  5/5        EV:  7    Int:  6    God:
Gold:   161        SH:  9    Dex:  9    Spells: 0 memorised, 4 levels left

rFire  . . .     SeeInvis .     a - +0 flail
rCold  . . .     Clarity  .     b - +0 scale mail
rNeg   + . .     SustAb   .     c - +0 shield
rPois  ∞         Gourm    .     (no helmet)
rElec  +         Spirit   .     (no cloak)
rCorr  .         Warding  .     i - +0 pair of gloves
rMut   .         Stasis   .     r - +1 pair of boots
MR     .....                    p - amulet of rage
Stlth  +.........               t - -4 ring of intelligence (curse)
                                o - ring of stealth

@: not resistant to hostile enchantments, very unstealthy
A: negative energy resistance 1, electricity resistance, unbreathing,
petrification resistance, rot immunity, AC +4
a: Evoke Berserk Rage


You were on level 3 of the Dungeon.
You were not hungry.

You visited 1 branch of the dungeon, and saw 3 of its levels.

You collected 161 gold pieces.

Inventory:

Hand weapons
 a - a +0 flail (weapon)
Armour
 b - a +0 scale mail (worn)
 c - a +0 shield (worn)
 i - a +0 pair of gloves (worn)
 r - a +1 pair of boots (worn)
Jewellery
 o - a ring of stealth (left hand)
 p - an amulet of rage (around neck)
 t - a cursed -4 ring of intelligence (right hand)
 z - a +2 ring of strength {unknown}
Scrolls
 f - a scroll of enchant weapon {unknown}
 h - 2 scrolls of immolation
 l - 2 scrolls of remove curse {unknown}
 m - a scroll of teleportation
 y - a scroll of magic mapping {unknown}
 A - a scroll of identify
 B - a scroll of blinking {unknown}
Potions
 e - a potion of might
 j - a potion of restore abilities {unknown}
 n - 2 potions of heal wounds
 q - a potion of agility {unknown}
 s - a potion of brilliance {unknown}
 u - a potion of invisibility {unknown}
 v - a potion of beneficial mutation {unknown}
 w - a potion of curing {unknown}
 x - a potion of haste {unknown}
 C - a potion of decay {unknown}
Comestibles
 d - 2 bread rations
 g - 4 fruits
 k - a royal jelly


   Skills:
 * Level 7.1 Fighting
 - Level 2.0 Maces & Flails
 - Level 3.2 Armour
 - Level 3.2 Shields


You had 4 spell levels left.
You didn't know any spells.

Dungeon Overview and Level Annotations

Branches:
Dungeon (3/15)

Altars:


Innate Abilities, Weirdness & Mutations

You are resistant to torment.
You are immune to poison.
Your stone body is very resilient (AC +4).
You resist negative energy.
You are resistant to electric shocks.
You can survive without breathing.
You are immune to petrification.
You are immune to rotting.


Message History

You are too injured to fight recklessly!
You are too injured to fight recklessly!
You are too injured to fight recklessly!
You are too injured to fight recklessly!
You hit the orc priest.
The orc priest is moderately wounded.
You block the orc priest's attack.
You hit the orc priest.
The orc priest is moderately wounded.
The orc priest barely misses you. You block the orc priest's attack.
You closely miss the orc priest.
The orc priest is moderately wounded.
The orc priest hits you but does no damage.
Unknown command.
You hit the orc priest but do no damage.
The orc priest is moderately wounded.
The orc priest closely misses you.
The orc priest mumbles some strange prayers to Beogh against you.
Something smites you!
You die...

#....###..## ######## ##...#
##..###......##
#...#####..o........#
#..<....#####......## #>.......#
####.### ##### #........#######.#
##...# #....(.......##..# ##.....
#...)....###.##o## #..[...
#...(...###...#@# #......
#.#(.###.÷......## #......
##.#......###.#.[.#### ##.....
...))###### #.#.#....# ##.....
#....########...#....# #......
#...#.......#..##....# ##......
..<............###...# #.......
#............... #.).# #.#.....
##.#.............##.######.##...#


You could see an orc priest.

Vanquished Creatures
  An orc priest (D:3)
  An orc wizard (D:3)
  A worker ant (D:3)
  Ijyb (D:2)
  Jessica (D:2)
  5 adders (D:3)
  A giant mite (D:2)
  A worm (D:3)
  An ooze (D:1)
  4 orcs (D:3)
  6 bats
  2 giant cockroaches (D:3)
  7 goblins
  4 hobgoblins
  2 giant newts (D:3)
  6 kobolds
  8 rats
  A plant (D:1)
53 creatures vanquished.

Notes
Turn   | Place    | Note
--------------------------------------------------------------
     0 | D:1      | Thalios, the Gargoyle Fighter, began the quest for the Orb.
     0 | D:1      | Reached XP level 1. HP: 14/14 MP: 1/1
   463 | D:1      | Reached XP level 2. HP: 20/20 MP: 2/2
   464 | D:1      | Reached skill level 4 in Fighting
  1083 | D:2      | Noticed Jessica
  1087 | D:2      | Killed Jessica
  1087 | D:2      | Reached XP level 3. HP: 22/25 MP: 3/3
  1217 | D:2      | Noticed Ijyb
  1247 | D:2      | Killed Ijyb
  1247 | D:2      | Reached skill level 5 in Fighting
  1247 | D:2      | Reached XP level 4. HP: 22/31 MP: 4/4
  1730 | D:3      | Reached skill level 6 in Fighting
  1730 | D:3      | Reached XP level 5. HP: 30/36 MP: 5/5
  1986 | D:3      | Reached skill level 7 in Fighting
  2280 | D:3      | Killed from afar by an orc priest

Action                   |  1- 3 |  4- 6 || total
-------------------------+-------+-------++-------
Melee: Flail             |    90 |   175 ||   265
  Use: Scroll            |       |     3 ||     3
  Eat: Chunk             |     1 |     4 ||     5
